Workbook

Sheet Summary
A1: Pest Control Job Costing Summary
A2: Indicators use entered records only. Costed completions exclude rows that need missing-data or assumption review.
A3: Reporting Start | B3: 46215 | C3: Reporting End | D3: 46289
A5: Indicator | B5: Value
A6: Jobs Entered | B6: =COUNTIFS('Job Costing'!$A$5:$A$104,"<>",'Job Costing'!$B$5:$B$104,">="&$B$3,'Job Costing'!$B$5:$B$104,"<="&$D$3)
A7: Completed Jobs | B7: =COUNTIFS('Job Costing'!$I$5:$I$104,"Completed",'Job Costing'!$B$5:$B$104,">="&$B$3,'Job Costing'!$B$5:$B$104,"<="&$D$3)
A8: Costed Completions | B8: =SUM(COUNTIFS('Job Costing'!$B$5:$B$104,">="&$B$3,'Job Costing'!$B$5:$B$104,"<="&$D$3,'Job Costing'!$AJ$5:$AJ$104,"Complete"),COUNTIFS('Job Costing'!$B$5:$B$104,">="&$B$3,'Job Costing'!$B$5:$B$104,"<="&$D$3,'Job Costing'!$AJ$5:$AJ$104,"Review: cost over estimate"),COUNTIFS('Job Costing'!$B$5:$B$104,">="&$B$3,'Job Costing'!$B$5:$B$104,"<="&$D$3,'Job Costing'!$AJ$5:$AJ$104,"Review: low margin"))
A9: Actual Revenue | B9: =IF($B$8=0,"",SUM(SUMIFS('Job Costing'!$W$5:$W$104,'Job Costing'!$B$5:$B$104,">="&$B$3,'Job Costing'!$B$5:$B$104,"<="&$D$3,'Job Costing'!$AJ$5:$AJ$104,"Complete"),SUMIFS('Job Costing'!$W$5:$W$104,'Job Costing'!$B$5:$B$104,">="&$B$3,'Job Costing'!$B$5:$B$104,"<="&$D$3,'Job Costing'!$AJ$5:$AJ$104,"Review: cost over estimate"),SUMIFS('Job Costing'!$W$5:$W$104,'Job Costing'!$B$5:$B$104,">="&$B$3,'Job Costing'!$B$5:$B$104,"<="&$D$3,'Job Costing'!$AJ$5:$AJ$104,"Review: low margin")))
A10: Estimated Cost | B10: =IF($B$8=0,"",SUM(SUMIFS('Job Costing'!$AD$5:$AD$104,'Job Costing'!$B$5:$B$104,">="&$B$3,'Job Costing'!$B$5:$B$104,"<="&$D$3,'Job Costing'!$AJ$5:$AJ$104,"Complete"),SUMIFS('Job Costing'!$AD$5:$AD$104,'Job Costing'!$B$5:$B$104,">="&$B$3,'Job Costing'!$B$5:$B$104,"<="&$D$3,'Job Costing'!$AJ$5:$AJ$104,"Review: cost over estimate"),SUMIFS('Job Costing'!$AD$5:$AD$104,'Job Costing'!$B$5:$B$104,">="&$B$3,'Job Costing'!$B$5:$B$104,"<="&$D$3,'Job Costing'!$AJ$5:$AJ$104,"Review: low margin")))
A11: Actual Cost | B11: =IF($B$8=0,"",SUM(SUMIFS('Job Costing'!$AE$5:$AE$104,'Job Costing'!$B$5:$B$104,">="&$B$3,'Job Costing'!$B$5:$B$104,"<="&$D$3,'Job Costing'!$AJ$5:$AJ$104,"Complete"),SUMIFS('Job Costing'!$AE$5:$AE$104,'Job Costing'!$B$5:$B$104,">="&$B$3,'Job Costing'!$B$5:$B$104,"<="&$D$3,'Job Costing'!$AJ$5:$AJ$104,"Review: cost over estimate"),SUMIFS('Job Costing'!$AE$5:$AE$104,'Job Costing'!$B$5:$B$104,">="&$B$3,'Job Costing'!$B$5:$B$104,"<="&$D$3,'Job Costing'!$AJ$5:$AJ$104,"Review: low margin")))
A12: Cost Variance | B12: =IF($B$8=0,"",$B$11-$B$10)
A13: Actual Gross Margin | B13: =IF($B$8=0,"",$B$9-$B$11)
A14: Actual Margin | B14: =IFERROR($B$13/$B$9,"")
A15: Completed Jobs Flagged | B15: =COUNTIFS('Job Costing'!$I$5:$I$104,"Completed",'Job Costing'!$B$5:$B$104,">="&$B$3,'Job Costing'!$B$5:$B$104,"<="&$D$3,'Job Costing'!$AJ$5:$AJ$104,"Review:*")
A16: Average Actual Cost / Costed Completion | B16: =IFERROR($B$11/$B$8,"")
A18: Actual Cost Mix
A19: Component | B19: Actual Cost
A20: Labor | B20: =IF($B$8=0,"",SUM(SUMIFS('Job Costing'!$Y$5:$Y$104,'Job Costing'!$B$5:$B$104,">="&$B$3,'Job Costing'!$B$5:$B$104,"<="&$D$3,'Job Costing'!$AJ$5:$AJ$104,"Complete"),SUMIFS('Job Costing'!$Y$5:$Y$104,'Job Costing'!$B$5:$B$104,">="&$B$3,'Job Costing'!$B$5:$B$104,"<="&$D$3,'Job Costing'!$AJ$5:$AJ$104,"Review: cost over estimate"),SUMIFS('Job Costing'!$Y$5:$Y$104,'Job Costing'!$B$5:$B$104,">="&$B$3,'Job Costing'!$B$5:$B$104,"<="&$D$3,'Job Costing'!$AJ$5:$AJ$104,"Review: low margin")))
A21: Product | B21: =IF($B$8=0,"",SUM(SUMIFS('Job Costing'!$AA$5:$AA$104,'Job Costing'!$B$5:$B$104,">="&$B$3,'Job Costing'!$B$5:$B$104,"<="&$D$3,'Job Costing'!$AJ$5:$AJ$104,"Complete"),SUMIFS('Job Costing'!$AA$5:$AA$104,'Job Costing'!$B$5:$B$104,">="&$B$3,'Job Costing'!$B$5:$B$104,"<="&$D$3,'Job Costing'!$AJ$5:$AJ$104,"Review: cost over estimate"),SUMIFS('Job Costing'!$AA$5:$AA$104,'Job Costing'!$B$5:$B$104,">="&$B$3,'Job Costing'!$B$5:$B$104,"<="&$D$3,'Job Costing'!$AJ$5:$AJ$104,"Review: low margin")))
A22: Travel | B22: =IF($B$8=0,"",SUM(SUMIFS('Job Costing'!$AC$5:$AC$104,'Job Costing'!$B$5:$B$104,">="&$B$3,'Job Costing'!$B$5:$B$104,"<="&$D$3,'Job Costing'!$AJ$5:$AJ$104,"Complete"),SUMIFS('Job Costing'!$AC$5:$AC$104,'Job Costing'!$B$5:$B$104,">="&$B$3,'Job Costing'!$B$5:$B$104,"<="&$D$3,'Job Costing'!$AJ$5:$AJ$104,"Review: cost over estimate"),SUMIFS('Job Costing'!$AC$5:$AC$104,'Job Costing'!$B$5:$B$104,">="&$B$3,'Job Costing'!$B$5:$B$104,"<="&$D$3,'Job Costing'!$AJ$5:$AJ$104,"Review: low margin")))

Sheet Job Costing
A1: Pest Control Job Costing
A2: Use one row per fictional job. | H2: Yellow cells are editable. Review alerts prompt a human check only.
A4: Job ID | B4: Service Date | C4: Customer | D4: Service Site | E4: Pest Concern | F4: Service | G4: Technician | H4: Route | I4: Status | J4: Review Responsibility | K4: Product | L4: Product Unit | M4: Est. Product Qty | N4: Actual Product Qty | O4: Labor Cost / Hr | P4: Product Cost / Unit | Q4: Mileage Cost / Mile | R4: Est. Labor Hours | S4: Actual Labor Hours | T4: Est. Travel Miles | U4: Actual Travel Miles | V4: Estimated Revenue | W4: Actual Revenue | X4: Est. Labor Cost | Y4: Actual Labor Cost | Z4: Est. Product Cost | AA4: Actual Product Cost | AB4: Est. Travel Cost | AC4: Actual Travel Cost | AD4: Est. Total Cost | AE4: Actual Total Cost | AF4: Estimated Margin | AG4: Actual Margin | AH4: Actual Margin % | AI4: Cost Variance | AJ4: Review Alert
A5: FIC-JC-2026-001 | B5: 46240 | C5: Fictional Acorn Bakery | D5: 101 Fictional Oak Ave, Exampletown, ZZ 00001 | E5: Ant activity | F5: Perimeter Service | G5: Fictional Tech Avery | H5: Fictional Route Amber | I5: Completed | J5: Owner Review | K5: Fictional Product Amber | L5: =IF(OR($A5="",$K5=""),"",IFERROR(VLOOKUP($K5,Assumptions!$C$5:$E$104,2,FALSE),"")) | M5: 12 | N5: 14 | O5: =IF(OR($A5="",$G5=""),"",IFERROR(VLOOKUP($G5,Assumptions!$A$5:$B$104,2,FALSE),"")) | P5: =IF(OR($A5="",$K5=""),"",IFERROR(VLOOKUP($K5,Assumptions!$C$5:$E$104,3,FALSE),"")) | Q5: =IF($A5="","",IFERROR(Assumptions!$L$5,"")) | R5: 2 | S5: 2.25 | T5: 18 | U5: 20 | V5: 210 | W5: 205 | X5: =IF(OR($A5="",$R5="",$O5=""),"",IFERROR($R5*$O5,"")) | Y5: =IF(OR($A5="",$S5="",$O5=""),"",IFERROR($S5*$O5,"")) | Z5: =IF(OR($A5="",$M5="",$P5=""),"",IFERROR($M5*$P5,"")) | AA5: =IF(OR($A5="",$N5="",$P5=""),"",IFERROR($N5*$P5,"")) | AB5: =IF(OR($A5="",$T5="",$Q5=""),"",IFERROR($T5*$Q5,"")) | AC5: =IF(OR($A5="",$U5="",$Q5=""),"",IFERROR($U5*$Q5,"")) | AD5: =IF($A5="","",IF(OR($R5="",$M5="",$T5="",$O5="",$P5="",$Q5=""),"",SUM($X5,$Z5,$AB5))) | AE5: =IF($A5="","",IF(OR($S5="",$N5="",$U5="",$O5="",$P5="",$Q5=""),"",SUM($Y5,$AA5,$AC5))) | AF5: =IF(OR($A5="",$V5="",$AD5=""),"",IFERROR($V5-$AD5,"")) | AG5: =IF(OR($A5="",$W5="",$AE5=""),"",IFERROR($W5-$AE5,"")) | AH5: =IF(OR($A5="",$W5="",$AG5=""),"",IFERROR($AG5/$W5,"")) | AI5: =IF(OR($A5="",$AD5="",$AE5=""),"",IFERROR($AE5-$AD5,"")) | AJ5: =IF($A5="","",IF($I5="","Review: missing status",IF(OR($G5="",$K5="",$O5="",$P5="",$Q5="",NOT(ISNUMBER(Assumptions!$L$6)),NOT(ISNUMBER(Assumptions!$L$7))),"Review: check assumptions",IF($I5="Completed",IF(OR($S5="",$N5="",$U5="",$W5="",$AE5=""),"Review: missing actuals",IF($AI5>Assumptions!$L$6,"Review: cost over estimate",IF($AH5<Assumptions!$L$7,"Review: low margin","Complete"))),IF($I5="Cancelled","No costing review","Pending completion")))))
A6: FIC-JC-2026-002 | B6: 46247 | C6: Fictional Bluebird Books | D6: 202 Imaginary Pine St, Exampletown, ZZ 00002 | E6: Cockroach activity | F6: Monitoring Visit | G6: Fictional Tech Blair | H6: Fictional Route Blue | I6: Completed | J6: Service Manager Review | K6: Fictional Product Blue | L6: =IF(OR($A6="",$K6=""),"",IFERROR(VLOOKUP($K6,Assumptions!$C$5:$E$104,2,FALSE),"")) | M6: 0.3 | N6: 0.35 | O6: =IF(OR($A6="",$G6=""),"",IFERROR(VLOOKUP($G6,Assumptions!$A$5:$B$104,2,FALSE),"")) | P6: =IF(OR($A6="",$K6=""),"",IFERROR(VLOOKUP($K6,Assumptions!$C$5:$E$104,3,FALSE),"")) | Q6: =IF($A6="","",IFERROR(Assumptions!$L$5,"")) | R6: 1.5 | S6: 1.75 | T6: 12 | U6: 14 | V6: 180 | W6: 185 | X6: =IF(OR($A6="",$R6="",$O6=""),"",IFERROR($R6*$O6,"")) | Y6: =IF(OR($A6="",$S6="",$O6=""),"",IFERROR($S6*$O6,"")) | Z6: =IF(OR($A6="",$M6="",$P6=""),"",IFERROR($M6*$P6,"")) | AA6: =IF(OR($A6="",$N6="",$P6=""),"",IFERROR($N6*$P6,"")) | AB6: =IF(OR($A6="",$T6="",$Q6=""),"",IFERROR($T6*$Q6,"")) | AC6: =IF(OR($A6="",$U6="",$Q6=""),"",IFERROR($U6*$Q6,"")) | AD6: =IF($A6="","",IF(OR($R6="",$M6="",$T6="",$O6="",$P6="",$Q6=""),"",SUM($X6,$Z6,$AB6))) | AE6: =IF($A6="","",IF(OR($S6="",$N6="",$U6="",$O6="",$P6="",$Q6=""),"",SUM($Y6,$AA6,$AC6))) | AF6: =IF(OR($A6="",$V6="",$AD6=""),"",IFERROR($V6-$AD6,"")) | AG6: =IF(OR($A6="",$W6="",$AE6=""),"",IFERROR($W6-$AE6,"")) | AH6: =IF(OR($A6="",$W6="",$AG6=""),"",IFERROR($AG6/$W6,"")) | AI6: =IF(OR($A6="",$AD6="",$AE6=""),"",IFERROR($AE6-$AD6,"")) | AJ6: =IF($A6="","",IF($I6="","Review: missing status",IF(OR($G6="",$K6="",$O6="",$P6="",$Q6="",NOT(ISNUMBER(Assumptions!$L$6)),NOT(ISNUMBER(Assumptions!$L$7))),"Review: check assumptions",IF($I6="Completed",IF(OR($S6="",$N6="",$U6="",$W6="",$AE6=""),"Review: missing actuals",IF($AI6>Assumptions!$L$6,"Review: cost over estimate",IF($AH6<Assumptions!$L$7,"Review: low margin","Complete"))),IF($I6="Cancelled","No costing review","Pending completion")))))
A7: FIC-JC-2026-003 | B7: 46254 | C7: Fictional Copper Kettle Cafe | D7: 303 Fictional Maple Rd, Sample City, ZZ 00003 | E7: Rodent signs | F7: Inspection | G7: Fictional Tech Casey | H7: Fictional Route Cedar | I7: Completed | J7: Operations Manager Review | K7: Fictional Product Cedar | L7: =IF(OR($A7="",$K7=""),"",IFERROR(VLOOKUP($K7,Assumptions!$C$5:$E$104,2,FALSE),"")) | M7: 1.5 | N7: 1.4 | O7: =IF(OR($A7="",$G7=""),"",IFERROR(VLOOKUP($G7,Assumptions!$A$5:$B$104,2,FALSE),"")) | P7: =IF(OR($A7="",$K7=""),"",IFERROR(VLOOKUP($K7,Assumptions!$C$5:$E$104,3,FALSE),"")) | Q7: =IF($A7="","",IFERROR(Assumptions!$L$5,"")) | R7: 2.5 | S7: 2.4 | T7: 22 | U7: 20 | V7: 320 | W7: 310 | X7: =IF(OR($A7="",$R7="",$O7=""),"",IFERROR($R7*$O7,"")) | Y7: =IF(OR($A7="",$S7="",$O7=""),"",IFERROR($S7*$O7,"")) | Z7: =IF(OR($A7="",$M7="",$P7=""),"",IFERROR($M7*$P7,"")) | AA7: =IF(OR($A7="",$N7="",$P7=""),"",IFERROR($N7*$P7,"")) | AB7: =IF(OR($A7="",$T7="",$Q7=""),"",IFERROR($T7*$Q7,"")) | AC7: =IF(OR($A7="",$U7="",$Q7=""),"",IFERROR($U7*$Q7,"")) | AD7: =IF($A7="","",IF(OR($R7="",$M7="",$T7="",$O7="",$P7="",$Q7=""),"",SUM($X7,$Z7,$AB7))) | AE7: =IF($A7="","",IF(OR($S7="",$N7="",$U7="",$O7="",$P7="",$Q7=""),"",SUM($Y7,$AA7,$AC7))) | AF7: =IF(OR($A7="",$V7="",$AD7=""),"",IFERROR($V7-$AD7,"")) | AG7: =IF(OR($A7="",$W7="",$AE7=""),"",IFERROR($W7-$AE7,"")) | AH7: =IF(OR($A7="",$W7="",$AG7=""),"",IFERROR($AG7/$W7,"")) | AI7: =IF(OR($A7="",$AD7="",$AE7=""),"",IFERROR($AE7-$AD7,"")) | AJ7: =IF($A7="","",IF($I7="","Review: missing status",IF(OR($G7="",$K7="",$O7="",$P7="",$Q7="",NOT(ISNUMBER(Assumptions!$L$6)),NOT(ISNUMBER(Assumptions!$L$7))),"Review: check assumptions",IF($I7="Completed",IF(OR($S7="",$N7="",$U7="",$W7="",$AE7=""),"Review: missing actuals",IF($AI7>Assumptions!$L$6,"Review: cost over estimate",IF($AH7<Assumptions!$L$7,"Review: low margin","Complete"))),IF($I7="Cancelled","No costing review","Pending completion")))))
A8: FIC-JC-2026-004 | B8: 46257 | C8: Fictional Daybreak Storage | D8: 404 Imaginary Birch Blvd, Sample City, ZZ 00004 | E8: Rodent signs | F8: Exclusion Follow-Up | G8: Fictional Tech Casey | H8: Fictional Route Cedar | I8: Completed | J8: Owner Review | K8: Fictional Product Cedar | L8: =IF(OR($A8="",$K8=""),"",IFERROR(VLOOKUP($K8,Assumptions!$C$5:$E$104,2,FALSE),"")) | M8: 2 | N8: 5 | O8: =IF(OR($A8="",$G8=""),"",IFERROR(VLOOKUP($G8,Assumptions!$A$5:$B$104,2,FALSE),"")) | P8: =IF(OR($A8="",$K8=""),"",IFERROR(VLOOKUP($K8,Assumptions!$C$5:$E$104,3,FALSE),"")) | Q8: =IF($A8="","",IFERROR(Assumptions!$L$5,"")) | R8: 3 | S8: 5.5 | T8: 30 | U8: 70 | V8: 390 | W8: 360 | X8: =IF(OR($A8="",$R8="",$O8=""),"",IFERROR($R8*$O8,"")) | Y8: =IF(OR($A8="",$S8="",$O8=""),"",IFERROR($S8*$O8,"")) | Z8: =IF(OR($A8="",$M8="",$P8=""),"",IFERROR($M8*$P8,"")) | AA8: =IF(OR($A8="",$N8="",$P8=""),"",IFERROR($N8*$P8,"")) | AB8: =IF(OR($A8="",$T8="",$Q8=""),"",IFERROR($T8*$Q8,"")) | AC8: =IF(OR($A8="",$U8="",$Q8=""),"",IFERROR($U8*$Q8,"")) | AD8: =IF($A8="","",IF(OR($R8="",$M8="",$T8="",$O8="",$P8="",$Q8=""),"",SUM($X8,$Z8,$AB8))) | AE8: =IF($A8="","",IF(OR($S8="",$N8="",$U8="",$O8="",$P8="",$Q8=""),"",SUM($Y8,$AA8,$AC8))) | AF8: =IF(OR($A8="",$V8="",$AD8=""),"",IFERROR($V8-$AD8,"")) | AG8: =IF(OR($A8="",$W8="",$AE8=""),"",IFERROR($W8-$AE8,"")) | AH8: =IF(OR($A8="",$W8="",$AG8=""),"",IFERROR($AG8/$W8,"")) | AI8: =IF(OR($A8="",$AD8="",$AE8=""),"",IFERROR($AE8-$AD8,"")) | AJ8: =IF($A8="","",IF($I8="","Review: missing status",IF(OR($G8="",$K8="",$O8="",$P8="",$Q8="",NOT(ISNUMBER(Assumptions!$L$6)),NOT(ISNUMBER(Assumptions!$L$7))),"Review: check assumptions",IF($I8="Completed",IF(OR($S8="",$N8="",$U8="",$W8="",$AE8=""),"Review: missing actuals",IF($AI8>Assumptions!$L$6,"Review: cost over estimate",IF($AH8<Assumptions!$L$7,"Review: low margin","Complete"))),IF($I8="Cancelled","No costing review","Pending completion")))))
A9: FIC-JC-2026-005 | B9: 46261 | C9: Fictional Ember Offices | D9: 505 Fictional Willow Ln, Placeholder, ZZ 00005 | E9: Wasp activity | F9: Spot Service | G9: Fictional Tech Devon | H9: Fictional Route Delta | I9: Completed | J9: Service Manager Review | K9: Fictional Product Delta | L9: =IF(OR($A9="",$K9=""),"",IFERROR(VLOOKUP($K9,Assumptions!$C$5:$E$104,2,FALSE),"")) | M9: 10 | N9: 12 | O9: =IF(OR($A9="",$G9=""),"",IFERROR(VLOOKUP($G9,Assumptions!$A$5:$B$104,2,FALSE),"")) | P9: =IF(OR($A9="",$K9=""),"",IFERROR(VLOOKUP($K9,Assumptions!$C$5:$E$104,3,FALSE),"")) | Q9: =IF($A9="","",IFERROR(Assumptions!$L$5,"")) | R9: 1.75 | S9: 2 | T9: 16 | U9: 18 | V9: 240 | W9: 245 | X9: =IF(OR($A9="",$R9="",$O9=""),"",IFERROR($R9*$O9,"")) | Y9: =IF(OR($A9="",$S9="",$O9=""),"",IFERROR($S9*$O9,"")) | Z9: =IF(OR($A9="",$M9="",$P9=""),"",IFERROR($M9*$P9,"")) | AA9: =IF(OR($A9="",$N9="",$P9=""),"",IFERROR($N9*$P9,"")) | AB9: =IF(OR($A9="",$T9="",$Q9=""),"",IFERROR($T9*$Q9,"")) | AC9: =IF(OR($A9="",$U9="",$Q9=""),"",IFERROR($U9*$Q9,"")) | AD9: =IF($A9="","",IF(OR($R9="",$M9="",$T9="",$O9="",$P9="",$Q9=""),"",SUM($X9,$Z9,$AB9))) | AE9: =IF($A9="","",IF(OR($S9="",$N9="",$U9="",$O9="",$P9="",$Q9=""),"",SUM($Y9,$AA9,$AC9))) | AF9: =IF(OR($A9="",$V9="",$AD9=""),"",IFERROR($V9-$AD9,"")) | AG9: =IF(OR($A9="",$W9="",$AE9=""),"",IFERROR($W9-$AE9,"")) | AH9: =IF(OR($A9="",$W9="",$AG9=""),"",IFERROR($AG9/$W9,"")) | AI9: =IF(OR($A9="",$AD9="",$AE9=""),"",IFERROR($AE9-$AD9,"")) | AJ9: =IF($A9="","",IF($I9="","Review: missing status",IF(OR($G9="",$K9="",$O9="",$P9="",$Q9="",NOT(ISNUMBER(Assumptions!$L$6)),NOT(ISNUMBER(Assumptions!$L$7))),"Review: check assumptions",IF($I9="Completed",IF(OR($S9="",$N9="",$U9="",$W9="",$AE9=""),"Review: missing actuals",IF($AI9>Assumptions!$L$6,"Review: cost over estimate",IF($AH9<Assumptions!$L$7,"Review: low margin","Complete"))),IF($I9="Cancelled","No costing review","Pending completion")))))
A10: FIC-JC-2026-006 | B10: 46265 | C10: Fictional Fern Apartments | D10: 606 Imaginary Spruce Ct, Placeholder, ZZ 00006 | E10: Ant activity | F10: Perimeter Service | G10: Fictional Tech Avery | H10: Fictional Route Amber | I10: Completed | J10: Operations Manager Review | K10: Fictional Product Amber | L10: =IF(OR($A10="",$K10=""),"",IFERROR(VLOOKUP($K10,Assumptions!$C$5:$E$104,2,FALSE),"")) | M10: 18 | N10: 17 | O10: =IF(OR($A10="",$G10=""),"",IFERROR(VLOOKUP($G10,Assumptions!$A$5:$B$104,2,FALSE),"")) | P10: =IF(OR($A10="",$K10=""),"",IFERROR(VLOOKUP($K10,Assumptions!$C$5:$E$104,3,FALSE),"")) | Q10: =IF($A10="","",IFERROR(Assumptions!$L$5,"")) | R10: 2.25 | S10: 2.1 | T10: 24 | U10: 23 | V10: 285 | W10: 290 | X10: =IF(OR($A10="",$R10="",$O10=""),"",IFERROR($R10*$O10,"")) | Y10: =IF(OR($A10="",$S10="",$O10=""),"",IFERROR($S10*$O10,"")) | Z10: =IF(OR($A10="",$M10="",$P10=""),"",IFERROR($M10*$P10,"")) | AA10: =IF(OR($A10="",$N10="",$P10=""),"",IFERROR($N10*$P10,"")) | AB10: =IF(OR($A10="",$T10="",$Q10=""),"",IFERROR($T10*$Q10,"")) | AC10: =IF(OR($A10="",$U10="",$Q10=""),"",IFERROR($U10*$Q10,"")) | AD10: =IF($A10="","",IF(OR($R10="",$M10="",$T10="",$O10="",$P10="",$Q10=""),"",SUM($X10,$Z10,$AB10))) | AE10: =IF($A10="","",IF(OR($S10="",$N10="",$U10="",$O10="",$P10="",$Q10=""),"",SUM($Y10,$AA10,$AC10))) | AF10: =IF(OR($A10="",$V10="",$AD10=""),"",IFERROR($V10-$AD10,"")) | AG10: =IF(OR($A10="",$W10="",$AE10=""),"",IFERROR($W10-$AE10,"")) | AH10: =IF(OR($A10="",$W10="",$AG10=""),"",IFERROR($AG10/$W10,"")) | AI10: =IF(OR($A10="",$AD10="",$AE10=""),"",IFERROR($AE10-$AD10,"")) | AJ10: =IF($A10="","",IF($I10="","Review: missing status",IF(OR($G10="",$K10="",$O10="",$P10="",$Q10="",NOT(ISNUMBER(Assumptions!$L$6)),NOT(ISNUMBER(Assumptions!$L$7))),"Review: check assumptions",IF($I10="Completed",IF(OR($S10="",$N10="",$U10="",$W10="",$AE10=""),"Review: missing actuals",IF($AI10>Assumptions!$L$6,"Review: cost over estimate",IF($AH10<Assumptions!$L$7,"Review: low margin","Complete"))),IF($I10="Cancelled","No costing review","Pending completion")))))
A11: FIC-JC-2026-007 | B11: 46268 | C11: Fictional Ginkgo Market | D11: 707 Fictional Aspen Dr, Demo Borough, ZZ 00007 | E11: Stored-product insect concern | F11: Monitoring Visit | G11: Fictional Tech Devon | H11: Fictional Route Delta | I11: Completed | J11: Sales Review | K11: Fictional Product Delta | L11: =IF(OR($A11="",$K11=""),"",IFERROR(VLOOKUP($K11,Assumptions!$C$5:$E$104,2,FALSE),"")) | M11: 16 | N11: 20 | O11: =IF(OR($A11="",$G11=""),"",IFERROR(VLOOKUP($G11,Assumptions!$A$5:$B$104,2,FALSE),"")) | P11: =IF(OR($A11="",$K11=""),"",IFERROR(VLOOKUP($K11,Assumptions!$C$5:$E$104,3,FALSE),"")) | Q11: =IF($A11="","",IFERROR(Assumptions!$L$5,"")) | R11: 2.8 | S11: 3.5 | T11: 20 | U11: 25 | V11: 255 | W11: 225 | X11: =IF(OR($A11="",$R11="",$O11=""),"",IFERROR($R11*$O11,"")) | Y11: =IF(OR($A11="",$S11="",$O11=""),"",IFERROR($S11*$O11,"")) | Z11: =IF(OR($A11="",$M11="",$P11=""),"",IFERROR($M11*$P11,"")) | AA11: =IF(OR($A11="",$N11="",$P11=""),"",IFERROR($N11*$P11,"")) | AB11: =IF(OR($A11="",$T11="",$Q11=""),"",IFERROR($T11*$Q11,"")) | AC11: =IF(OR($A11="",$U11="",$Q11=""),"",IFERROR($U11*$Q11,"")) | AD11: =IF($A11="","",IF(OR($R11="",$M11="",$T11="",$O11="",$P11="",$Q11=""),"",SUM($X11,$Z11,$AB11))) | AE11: =IF($A11="","",IF(OR($S11="",$N11="",$U11="",$O11="",$P11="",$Q11=""),"",SUM($Y11,$AA11,$AC11))) | AF11: =IF(OR($A11="",$V11="",$AD11=""),"",IFERROR($V11-$AD11,"")) | AG11: =IF(OR($A11="",$W11="",$AE11=""),"",IFERROR($W11-$AE11,"")) | AH11: =IF(OR($A11="",$W11="",$AG11=""),"",IFERROR($AG11/$W11,"")) | AI11: =IF(OR($A11="",$AD11="",$AE11=""),"",IFERROR($AE11-$AD11,"")) | AJ11: =IF($A11="","",IF($I11="","Review: missing status",IF(OR($G11="",$K11="",$O11="",$P11="",$Q11="",NOT(ISNUMBER(Assumptions!$L$6)),NOT(ISNUMBER(Assumptions!$L$7))),"Review: check assumptions",IF($I11="Completed",IF(OR($S11="",$N11="",$U11="",$W11="",$AE11=""),"Review: missing actuals",IF($AI11>Assumptions!$L$6,"Review: cost over estimate",IF($AH11<Assumptions!$L$7,"Review: low margin","Complete"))),IF($I11="Cancelled","No costing review","Pending completion")))))
A12: FIC-JC-2026-008 | B12: 46272 | C12: Fictional Harbor Deli | D12: 808 Imaginary Poplar Pl, Demo Borough, ZZ 00008 | E12: Cockroach activity | F12: Inspection | G12: Fictional Tech Avery | H12: Fictional Route Blue | I12: Completed | J12: Service Manager Review | K12: Fictional Product Amber | L12: =IF(OR($A12="",$K12=""),"",IFERROR(VLOOKUP($K12,Assumptions!$C$5:$E$104,2,FALSE),"")) | M12: 0 | N12: 0 | O12: =IF(OR($A12="",$G12=""),"",IFERROR(VLOOKUP($G12,Assumptions!$A$5:$B$104,2,FALSE),"")) | P12: =IF(OR($A12="",$K12=""),"",IFERROR(VLOOKUP($K12,Assumptions!$C$5:$E$104,3,FALSE),"")) | Q12: =IF($A12="","",IFERROR(Assumptions!$L$5,"")) | R12: 1 | S12: 1 | T12: 0 | U12: 0 | V12: 85 | W12: 80 | X12: =IF(OR($A12="",$R12="",$O12=""),"",IFERROR($R12*$O12,"")) | Y12: =IF(OR($A12="",$S12="",$O12=""),"",IFERROR($S12*$O12,"")) | Z12: =IF(OR($A12="",$M12="",$P12=""),"",IFERROR($M12*$P12,"")) | AA12: =IF(OR($A12="",$N12="",$P12=""),"",IFERROR($N12*$P12,"")) | AB12: =IF(OR($A12="",$T12="",$Q12=""),"",IFERROR($T12*$Q12,"")) | AC12: =IF(OR($A12="",$U12="",$Q12=""),"",IFERROR($U12*$Q12,"")) | AD12: =IF($A12="","",IF(OR($R12="",$M12="",$T12="",$O12="",$P12="",$Q12=""),"",SUM($X12,$Z12,$AB12))) | AE12: =IF($A12="","",IF(OR($S12="",$N12="",$U12="",$O12="",$P12="",$Q12=""),"",SUM($Y12,$AA12,$AC12))) | AF12: =IF(OR($A12="",$V12="",$AD12=""),"",IFERROR($V12-$AD12,"")) | AG12: =IF(OR($A12="",$W12="",$AE12=""),"",IFERROR($W12-$AE12,"")) | AH12: =IF(OR($A12="",$W12="",$AG12=""),"",IFERROR($AG12/$W12,"")) | AI12: =IF(OR($A12="",$AD12="",$AE12=""),"",IFERROR($AE12-$AD12,"")) | AJ12: =IF($A12="","",IF($I12="","Review: missing status",IF(OR($G12="",$K12="",$O12="",$P12="",$Q12="",NOT(ISNUMBER(Assumptions!$L$6)),NOT(ISNUMBER(Assumptions!$L$7))),"Review: check assumptions",IF($I12="Completed",IF(OR($S12="",$N12="",$U12="",$W12="",$AE12=""),"Review: missing actuals",IF($AI12>Assumptions!$L$6,"Review: cost over estimate",IF($AH12<Assumptions!$L$7,"Review: low margin","Complete"))),IF($I12="Cancelled","No costing review","Pending completion")))))
A13: FIC-JC-2026-009 | B13: 46274 | C13: Fictional Juniper Studio | D13: 909 Fictional Elm Way, Test Hamlet, ZZ 00009 | E13: Ant activity | F13: Perimeter Service | G13: Fictional Tech Blair | H13: Fictional Route Amber | I13: In Progress | J13: Operations Manager Review | K13: Fictional Product Blue | L13: =IF(OR($A13="",$K13=""),"",IFERROR(VLOOKUP($K13,Assumptions!$C$5:$E$104,2,FALSE),"")) | M13: 0.25 | N13: 0.15 | O13: =IF(OR($A13="",$G13=""),"",IFERROR(VLOOKUP($G13,Assumptions!$A$5:$B$104,2,FALSE),"")) | P13: =IF(OR($A13="",$K13=""),"",IFERROR(VLOOKUP($K13,Assumptions!$C$5:$E$104,3,FALSE),"")) | Q13: =IF($A13="","",IFERROR(Assumptions!$L$5,"")) | R13: 2 | S13: 1 | T13: 15 | U13: 8 | V13: 210 | X13: =IF(OR($A13="",$R13="",$O13=""),"",IFERROR($R13*$O13,"")) | Y13: =IF(OR($A13="",$S13="",$O13=""),"",IFERROR($S13*$O13,"")) | Z13: =IF(OR($A13="",$M13="",$P13=""),"",IFERROR($M13*$P13,"")) | AA13: =IF(OR($A13="",$N13="",$P13=""),"",IFERROR($N13*$P13,"")) | AB13: =IF(OR($A13="",$T13="",$Q13=""),"",IFERROR($T13*$Q13,"")) | AC13: =IF(OR($A13="",$U13="",$Q13=""),"",IFERROR($U13*$Q13,"")) | AD13: =IF($A13="","",IF(OR($R13="",$M13="",$T13="",$O13="",$P13="",$Q13=""),"",SUM($X13,$Z13,$AB13))) | AE13: =IF($A13="","",IF(OR($S13="",$N13="",$U13="",$O13="",$P13="",$Q13=""),"",SUM($Y13,$AA13,$AC13))) | AF13: =IF(OR($A13="",$V13="",$AD13=""),"",IFERROR($V13-$AD13,"")) | AG13: =IF(OR($A13="",$W13="",$AE13=""),"",IFERROR($W13-$AE13,"")) | AH13: =IF(OR($A13="",$W13="",$AG13=""),"",IFERROR($AG13/$W13,"")) | AI13: =IF(OR($A13="",$AD13="",$AE13=""),"",IFERROR($AE13-$AD13,"")) | AJ13: =IF($A13="","",IF($I13="","Review: missing status",IF(OR($G13="",$K13="",$O13="",$P13="",$Q13="",NOT(ISNUMBER(Assumptions!$L$6)),NOT(ISNUMBER(Assumptions!$L$7))),"Review: check assumptions",IF($I13="Completed",IF(OR($S13="",$N13="",$U13="",$W13="",$AE13=""),"Review: missing actuals",IF($AI13>Assumptions!$L$6,"Review: cost over estimate",IF($AH13<Assumptions!$L$7,"Review: low margin","Complete"))),IF($I13="Cancelled","No costing review","Pending completion")))))
A14: FIC-JC-2026-010 | B14: 46280 | C14: Fictional Kite Workshop | D14: 1001 Imaginary Walnut Ave, Test Hamlet, ZZ 00010 | E14: Wasp activity | F14: Spot Service | G14: Fictional Tech Devon | H14: Fictional Route Delta | I14: Planned | J14: Sales Review | K14: Fictional Product Delta | L14: =IF(OR($A14="",$K14=""),"",IFERROR(VLOOKUP($K14,Assumptions!$C$5:$E$104,2,FALSE),"")) | M14: 8 | O14: =IF(OR($A14="",$G14=""),"",IFERROR(VLOOKUP($G14,Assumptions!$A$5:$B$104,2,FALSE),"")) | P14: =IF(OR($A14="",$K14=""),"",IFERROR(VLOOKUP($K14,Assumptions!$C$5:$E$104,3,FALSE),"")) | Q14: =IF($A14="","",IFERROR(Assumptions!$L$5,"")) | R14: 1.5 | T14: 18 | V14: 225 | X14: =IF(OR($A14="",$R14="",$O14=""),"",IFERROR($R14*$O14,"")) | Y14: =IF(OR($A14="",$S14="",$O14=""),"",IFERROR($S14*$O14,"")) | Z14: =IF(OR($A14="",$M14="",$P14=""),"",IFERROR($M14*$P14,"")) | AA14: =IF(OR($A14="",$N14="",$P14=""),"",IFERROR($N14*$P14,"")) | AB14: =IF(OR($A14="",$T14="",$Q14=""),"",IFERROR($T14*$Q14,"")) | AC14: =IF(OR($A14="",$U14="",$Q14=""),"",IFERROR($U14*$Q14,"")) | AD14: =IF($A14="","",IF(OR($R14="",$M14="",$T14="",$O14="",$P14="",$Q14=""),"",SUM($X14,$Z14,$AB14))) | AE14: =IF($A14="","",IF(OR($S14="",$N14="",$U14="",$O14="",$P14="",$Q14=""),"",SUM($Y14,$AA14,$AC14))) | AF14: =IF(OR($A14="",$V14="",$AD14=""),"",IFERROR($V14-$AD14,"")) | AG14: =IF(OR($A14="",$W14="",$AE14=""),"",IFERROR($W14-$AE14,"")) | AH14: =IF(OR($A14="",$W14="",$AG14=""),"",IFERROR($AG14/$W14,"")) | AI14: =IF(OR($A14="",$AD14="",$AE14=""),"",IFERROR($AE14-$AD14,"")) | AJ14: =IF($A14="","",IF($I14="","Review: missing status",IF(OR($G14="",$K14="",$O14="",$P14="",$Q14="",NOT(ISNUMBER(Assumptions!$L$6)),NOT(ISNUMBER(Assumptions!$L$7))),"Review: check assumptions",IF($I14="Completed",IF(OR($S14="",$N14="",$U14="",$W14="",$AE14=""),"Review: missing actuals",IF($AI14>Assumptions!$L$6,"Review: cost over estimate",IF($AH14<Assumptions!$L$7,"Review: low margin","Complete"))),IF($I14="Cancelled","No costing review","Pending completion")))))
L15: =IF(OR($A15="",$K15=""),"",IFERROR(VLOOKUP($K15,Assumptions!$C$5:$E$104,2,FALSE),"")) | O15: =IF(OR($A15="",$G15=""),"",IFERROR(VLOOKUP($G15,Assumptions!$A$5:$B$104,2,FALSE),"")) | P15: =IF(OR($A15="",$K15=""),"",IFERROR(VLOOKUP($K15,Assumptions!$C$5:$E$104,3,FALSE),"")) | Q15: =IF($A15="","",IFERROR(Assumptions!$L$5,"")) | X15: =IF(OR($A15="",$R15="",$O15=""),"",IFERROR($R15*$O15,"")) | Y15: =IF(OR($A15="",$S15="",$O15=""),"",IFERROR($S15*$O15,"")) | Z15: =IF(OR($A15="",$M15="",$P15=""),"",IFERROR($M15*$P15,"")) | AA15: =IF(OR($A15="",$N15="",$P15=""),"",IFERROR($N15*$P15,"")) | AB15: =IF(OR($A15="",$T15="",$Q15=""),"",IFERROR($T15*$Q15,"")) | AC15: =IF(OR($A15="",$U15="",$Q15=""),"",IFERROR($U15*$Q15,"")) | AD15: =IF($A15="","",IF(OR($R15="",$M15="",$T15="",$O15="",$P15="",$Q15=""),"",SUM($X15,$Z15,$AB15))) | AE15: =IF($A15="","",IF(OR($S15="",$N15="",$U15="",$O15="",$P15="",$Q15=""),"",SUM($Y15,$AA15,$AC15))) | AF15: =IF(OR($A15="",$V15="",$AD15=""),"",IFERROR($V15-$AD15,"")) | AG15: =IF(OR($A15="",$W15="",$AE15=""),"",IFERROR($W15-$AE15,"")) | AH15: =IF(OR($A15="",$W15="",$AG15=""),"",IFERROR($AG15/$W15,"")) | AI15: =IF(OR($A15="",$AD15="",$AE15=""),"",IFERROR($AE15-$AD15,"")) | AJ15: =IF($A15="","",IF($I15="","Review: missing status",IF(OR($G15="",$K15="",$O15="",$P15="",$Q15="",NOT(ISNUMBER(Assumptions!$L$6)),NOT(ISNUMBER(Assumptions!$L$7))),"Review: check assumptions",IF($I15="Completed",IF(OR($S15="",$N15="",$U15="",$W15="",$AE15=""),"Review: missing actuals",IF($AI15>Assumptions!$L$6,"Review: cost over estimate",IF($AH15<Assumptions!$L$7,"Review: low margin","Complete"))),IF($I15="Cancelled","No costing review","Pending completion")))))
L16: =IF(OR($A16="",$K16=""),"",IFERROR(VLOOKUP($K16,Assumptions!$C$5:$E$104,2,FALSE),"")) | O16: =IF(OR($A16="",$G16=""),"",IFERROR(VLOOKUP($G16,Assumptions!$A$5:$B$104,2,FALSE),"")) | P16: =IF(OR($A16="",$K16=""),"",IFERROR(VLOOKUP($K16,Assumptions!$C$5:$E$104,3,FALSE),"")) | Q16: =IF($A16="","",IFERROR(Assumptions!$L$5,"")) | X16: =IF(OR($A16="",$R16="",$O16=""),"",IFERROR($R16*$O16,"")) | Y16: =IF(OR($A16="",$S16="",$O16=""),"",IFERROR($S16*$O16,"")) | Z16: =IF(OR($A16="",$M16="",$P16=""),"",IFERROR($M16*$P16,"")) | AA16: =IF(OR($A16="",$N16="",$P16=""),"",IFERROR($N16*$P16,"")) | AB16: =IF(OR($A16="",$T16="",$Q16=""),"",IFERROR($T16*$Q16,"")) | AC16: =IF(OR($A16="",$U16="",$Q16=""),"",IFERROR($U16*$Q16,"")) | AD16: =IF($A16="","",IF(OR($R16="",$M16="",$T16="",$O16="",$P16="",$Q16=""),"",SUM($X16,$Z16,$AB16))) | AE16: =IF($A16="","",IF(OR($S16="",$N16="",$U16="",$O16="",$P16="",$Q16=""),"",SUM($Y16,$AA16,$AC16))) | AF16: =IF(OR($A16="",$V16="",$AD16=""),"",IFERROR($V16-$AD16,"")) | AG16: =IF(OR($A16="",$W16="",$AE16=""),"",IFERROR($W16-$AE16,"")) | AH16: =IF(OR($A16="",$W16="",$AG16=""),"",IFERROR($AG16/$W16,"")) | AI16: =IF(OR($A16="",$AD16="",$AE16=""),"",IFERROR($AE16-$AD16,"")) | AJ16: =IF($A16="","",IF($I16="","Review: missing status",IF(OR($G16="",$K16="",$O16="",$P16="",$Q16="",NOT(ISNUMBER(Assumptions!$L$6)),NOT(ISNUMBER(Assumptions!$L$7))),"Review: check assumptions",IF($I16="Completed",IF(OR($S16="",$N16="",$U16="",$W16="",$AE16=""),"Review: missing actuals",IF($AI16>Assumptions!$L$6,"Review: cost over estimate",IF($AH16<Assumptions!$L$7,"Review: low margin","Complete"))),IF($I16="Cancelled","No costing review","Pending completion")))))
L17: =IF(OR($A17="",$K17=""),"",IFERROR(VLOOKUP($K17,Assumptions!$C$5:$E$104,2,FALSE),"")) | O17: =IF(OR($A17="",$G17=""),"",IFERROR(VLOOKUP($G17,Assumptions!$A$5:$B$104,2,FALSE),"")) | P17: =IF(OR($A17="",$K17=""),"",IFERROR(VLOOKUP($K17,Assumptions!$C$5:$E$104,3,FALSE),"")) | Q17: =IF($A17="","",IFERROR(Assumptions!$L$5,"")) | X17: =IF(OR($A17="",$R17="",$O17=""),"",IFERROR($R17*$O17,"")) | Y17: =IF(OR($A17="",$S17="",$O17=""),"",IFERROR($S17*$O17,"")) | Z17: =IF(OR($A17="",$M17="",$P17=""),"",IFERROR($M17*$P17,"")) | AA17: =IF(OR($A17="",$N17="",$P17=""),"",IFERROR($N17*$P17,"")) | AB17: =IF(OR($A17="",$T17="",$Q17=""),"",IFERROR($T17*$Q17,"")) | AC17: =IF(OR($A17="",$U17="",$Q17=""),"",IFERROR($U17*$Q17,"")) | AD17: =IF($A17="","",IF(OR($R17="",$M17="",$T17="",$O17="",$P17="",$Q17=""),"",SUM($X17,$Z17,$AB17))) | AE17: =IF($A17="","",IF(OR($S17="",$N17="",$U17="",$O17="",$P17="",$Q17=""),"",SUM($Y17,$AA17,$AC17))) | AF17: =IF(OR($A17="",$V17="",$AD17=""),"",IFERROR($V17-$AD17,"")) | AG17: =IF(OR($A17="",$W17="",$AE17=""),"",IFERROR($W17-$AE17,"")) | AH17: =IF(OR($A17="",$W17="",$AG17=""),"",IFERROR($AG17/$W17,"")) | AI17: =IF(OR($A17="",$AD17="",$AE17=""),"",IFERROR($AE17-$AD17,"")) | AJ17: =IF($A17="","",IF($I17="","Review: missing status",IF(OR($G17="",$K17="",$O17="",$P17="",$Q17="",NOT(ISNUMBER(Assumptions!$L$6)),NOT(ISNUMBER(Assumptions!$L$7))),"Review: check assumptions",IF($I17="Completed",IF(OR($S17="",$N17="",$U17="",$W17="",$AE17=""),"Review: missing actuals",IF($AI17>Assumptions!$L$6,"Review: cost over estimate",IF($AH17<Assumptions!$L$7,"Review: low margin","Complete"))),IF($I17="Cancelled","No costing review","Pending completion")))))
L18: =IF(OR($A18="",$K18=""),"",IFERROR(VLOOKUP($K18,Assumptions!$C$5:$E$104,2,FALSE),"")) | O18: =IF(OR($A18="",$G18=""),"",IFERROR(VLOOKUP($G18,Assumptions!$A$5:$B$104,2,FALSE),"")) | P18: =IF(OR($A18="",$K18=""),"",IFERROR(VLOOKUP($K18,Assumptions!$C$5:$E$104,3,FALSE),"")) | Q18: =IF($A18="","",IFERROR(Assumptions!$L$5,"")) | X18: =IF(OR($A18="",$R18="",$O18=""),"",IFERROR($R18*$O18,"")) | Y18: =IF(OR($A18="",$S18="",$O18=""),"",IFERROR($S18*$O18,"")) | Z18: =IF(OR($A18="",$M18="",$P18=""),"",IFERROR($M18*$P18,"")) | AA18: =IF(OR($A18="",$N18="",$P18=""),"",IFERROR($N18*$P18,"")) | AB18: =IF(OR($A18="",$T18="",$Q18=""),"",IFERROR($T18*$Q18,"")) | AC18: =IF(OR($A18="",$U18="",$Q18=""),"",IFERROR($U18*$Q18,"")) | AD18: =IF($A18="","",IF(OR($R18="",$M18="",$T18="",$O18="",$P18="",$Q18=""),"",SUM($X18,$Z18,$AB18))) | AE18: =IF($A18="","",IF(OR($S18="",$N18="",$U18="",$O18="",$P18="",$Q18=""),"",SUM($Y18,$AA18,$AC18))) | AF18: =IF(OR($A18="",$V18="",$AD18=""),"",IFERROR($V18-$AD18,"")) | AG18: =IF(OR($A18="",$W18="",$AE18=""),"",IFERROR($W18-$AE18,"")) | AH18: =IF(OR($A18="",$W18="",$AG18=""),"",IFERROR($AG18/$W18,"")) | AI18: =IF(OR($A18="",$AD18="",$AE18=""),"",IFERROR($AE18-$AD18,"")) | AJ18: =IF($A18="","",IF($I18="","Review: missing status",IF(OR($G18="",$K18="",$O18="",$P18="",$Q18="",NOT(ISNUMBER(Assumptions!$L$6)),NOT(ISNUMBER(Assumptions!$L$7))),"Review: check assumptions",IF($I18="Completed",IF(OR($S18="",$N18="",$U18="",$W18="",$AE18=""),"Review: missing actuals",IF($AI18>Assumptions!$L$6,"Review: cost over estimate",IF($AH18<Assumptions!$L$7,"Review: low margin","Complete"))),IF($I18="Cancelled","No costing review","Pending completion")))))
L19: =IF(OR($A19="",$K19=""),"",IFERROR(VLOOKUP($K19,Assumptions!$C$5:$E$104,2,FALSE),"")) | O19: =IF(OR($A19="",$G19=""),"",IFERROR(VLOOKUP($G19,Assumptions!$A$5:$B$104,2,FALSE),"")) | P19: =IF(OR($A19="",$K19=""),"",IFERROR(VLOOKUP($K19,Assumptions!$C$5:$E$104,3,FALSE),"")) | Q19: =IF($A19="","",IFERROR(Assumptions!$L$5,"")) | X19: =IF(OR($A19="",$R19="",$O19=""),"",IFERROR($R19*$O19,"")) | Y19: =IF(OR($A19="",$S19="",$O19=""),"",IFERROR($S19*$O19,"")) | Z19: =IF(OR($A19="",$M19="",$P19=""),"",IFERROR($M19*$P19,"")) | AA19: =IF(OR($A19="",$N19="",$P19=""),"",IFERROR($N19*$P19,"")) | AB19: =IF(OR($A19="",$T19="",$Q19=""),"",IFERROR($T19*$Q19,"")) | AC19: =IF(OR($A19="",$U19="",$Q19=""),"",IFERROR($U19*$Q19,"")) | AD19: =IF($A19="","",IF(OR($R19="",$M19="",$T19="",$O19="",$P19="",$Q19=""),"",SUM($X19,$Z19,$AB19))) | AE19: =IF($A19="","",IF(OR($S19="",$N19="",$U19="",$O19="",$P19="",$Q19=""),"",SUM($Y19,$AA19,$AC19))) | AF19: =IF(OR($A19="",$V19="",$AD19=""),"",IFERROR($V19-$AD19,"")) | AG19: =IF(OR($A19="",$W19="",$AE19=""),"",IFERROR($W19-$AE19,"")) | AH19: =IF(OR($A19="",$W19="",$AG19=""),"",IFERROR($AG19/$W19,"")) | AI19: =IF(OR($A19="",$AD19="",$AE19=""),"",IFERROR($AE19-$AD19,"")) | AJ19: =IF($A19="","",IF($I19="","Review: missing status",IF(OR($G19="",$K19="",$O19="",$P19="",$Q19="",NOT(ISNUMBER(Assumptions!$L$6)),NOT(ISNUMBER(Assumptions!$L$7))),"Review: check assumptions",IF($I19="Completed",IF(OR($S19="",$N19="",$U19="",$W19="",$AE19=""),"Review: missing actuals",IF($AI19>Assumptions!$L$6,"Review: cost over estimate",IF($AH19<Assumptions!$L$7,"Review: low margin","Complete"))),IF($I19="Cancelled","No costing review","Pending completion")))))
L20: =IF(OR($A20="",$K20=""),"",IFERROR(VLOOKUP($K20,Assumptions!$C$5:$E$104,2,FALSE),"")) | O20: =IF(OR($A20="",$G20=""),"",IFERROR(VLOOKUP($G20,Assumptions!$A$5:$B$104,2,FALSE),"")) | P20: =IF(OR($A20="",$K20=""),"",IFERROR(VLOOKUP($K20,Assumptions!$C$5:$E$104,3,FALSE),"")) | Q20: =IF($A20="","",IFERROR(Assumptions!$L$5,"")) | X20: =IF(OR($A20="",$R20="",$O20=""),"",IFERROR($R20*$O20,"")) | Y20: =IF(OR($A20="",$S20="",$O20=""),"",IFERROR($S20*$O20,"")) | Z20: =IF(OR($A20="",$M20="",$P20=""),"",IFERROR($M20*$P20,"")) | AA20: =IF(OR($A20="",$N20="",$P20=""),"",IFERROR($N20*$P20,"")) | AB20: =IF(OR($A20="",$T20="",$Q20=""),"",IFERROR($T20*$Q20,"")) | AC20: =IF(OR($A20="",$U20="",$Q20=""),"",IFERROR($U20*$Q20,"")) | AD20: =IF($A20="","",IF(OR($R20="",$M20="",$T20="",$O20="",$P20="",$Q20=""),"",SUM($X20,$Z20,$AB20))) | AE20: =IF($A20="","",IF(OR($S20="",$N20="",$U20="",$O20="",$P20="",$Q20=""),"",SUM($Y20,$AA20,$AC20))) | AF20: =IF(OR($A20="",$V20="",$AD20=""),"",IFERROR($V20-$AD20,"")) | AG20: =IF(OR($A20="",$W20="",$AE20=""),"",IFERROR($W20-$AE20,"")) | AH20: =IF(OR($A20="",$W20="",$AG20=""),"",IFERROR($AG20/$W20,"")) | AI20: =IF(OR($A20="",$AD20="",$AE20=""),"",IFERROR($AE20-$AD20,"")) | AJ20: =IF($A20="","",IF($I20="","Review: missing status",IF(OR($G20="",$K20="",$O20="",$P20="",$Q20="",NOT(ISNUMBER(Assumptions!$L$6)),NOT(ISNUMBER(Assumptions!$L$7))),"Review: check assumptions",IF($I20="Completed",IF(OR($S20="",$N20="",$U20="",$W20="",$AE20=""),"Review: missing actuals",IF($AI20>Assumptions!$L$6,"Review: cost over estimate",IF($AH20<Assumptions!$L$7,"Review: low margin","Complete"))),IF($I20="Cancelled","No costing review","Pending completion")))))
L21: =IF(OR($A21="",$K21=""),"",IFERROR(VLOOKUP($K21,Assumptions!$C$5:$E$104,2,FALSE),"")) | O21: =IF(OR($A21="",$G21=""),"",IFERROR(VLOOKUP($G21,Assumptions!$A$5:$B$104,2,FALSE),"")) | P21: =IF(OR($A21="",$K21=""),"",IFERROR(VLOOKUP($K21,Assumptions!$C$5:$E$104,3,FALSE),"")) | Q21: =IF($A21="","",IFERROR(Assumptions!$L$5,"")) | X21: =IF(OR($A21="",$R21="",$O21=""),"",IFERROR($R21*$O21,"")) | Y21: =IF(OR($A21="",$S21="",$O21=""),"",IFERROR($S21*$O21,"")) | Z21: =IF(OR($A21="",$M21="",$P21=""),"",IFERROR($M21*$P21,"")) | AA21: =IF(OR($A21="",$N21="",$P21=""),"",IFERROR($N21*$P21,"")) | AB21: =IF(OR($A21="",$T21="",$Q21=""),"",IFERROR($T21*$Q21,"")) | AC21: =IF(OR($A21="",$U21="",$Q21=""),"",IFERROR($U21*$Q21,"")) | AD21: =IF($A21="","",IF(OR($R21="",$M21="",$T21="",$O21="",$P21="",$Q21=""),"",SUM($X21,$Z21,$AB21))) | AE21: =IF($A21="","",IF(OR($S21="",$N21="",$U21="",$O21="",$P21="",$Q21=""),"",SUM($Y21,$AA21,$AC21))) | AF21: =IF(OR($A21="",$V21="",$AD21=""),"",IFERROR($V21-$AD21,"")) | AG21: =IF(OR($A21="",$W21="",$AE21=""),"",IFERROR($W21-$AE21,"")) | AH21: =IF(OR($A21="",$W21="",$AG21=""),"",IFERROR($AG21/$W21,"")) | AI21: =IF(OR($A21="",$AD21="",$AE21=""),"",IFERROR($AE21-$AD21,"")) | AJ21: =IF($A21="","",IF($I21="","Review: missing status",IF(OR($G21="",$K21="",$O21="",$P21="",$Q21="",NOT(ISNUMBER(Assumptions!$L$6)),NOT(ISNUMBER(Assumptions!$L$7))),"Review: check assumptions",IF($I21="Completed",IF(OR($S21="",$N21="",$U21="",$W21="",$AE21=""),"Review: missing actuals",IF($AI21>Assumptions!$L$6,"Review: cost over estimate",IF($AH21<Assumptions!$L$7,"Review: low margin","Complete"))),IF($I21="Cancelled","No costing review","Pending completion")))))
L22: =IF(OR($A22="",$K22=""),"",IFERROR(VLOOKUP($K22,Assumptions!$C$5:$E$104,2,FALSE),"")) | O22: =IF(OR($A22="",$G22=""),"",IFERROR(VLOOKUP($G22,Assumptions!$A$5:$B$104,2,FALSE),"")) | P22: =IF(OR($A22="",$K22=""),"",IFERROR(VLOOKUP($K22,Assumptions!$C$5:$E$104,3,FALSE),"")) | Q22: =IF($A22="","",IFERROR(Assumptions!$L$5,"")) | X22: =IF(OR($A22="",$R22="",$O22=""),"",IFERROR($R22*$O22,"")) | Y22: =IF(OR($A22="",$S22="",$O22=""),"",IFERROR($S22*$O22,"")) | Z22: =IF(OR($A22="",$M22="",$P22=""),"",IFERROR($M22*$P22,"")) | AA22: =IF(OR($A22="",$N22="",$P22=""),"",IFERROR($N22*$P22,"")) | AB22: =IF(OR($A22="",$T22="",$Q22=""),"",IFERROR($T22*$Q22,"")) | AC22: =IF(OR($A22="",$U22="",$Q22=""),"",IFERROR($U22*$Q22,"")) | AD22: =IF($A22="","",IF(OR($R22="",$M22="",$T22="",$O22="",$P22="",$Q22=""),"",SUM($X22,$Z22,$AB22))) | AE22: =IF($A22="","",IF(OR($S22="",$N22="",$U22="",$O22="",$P22="",$Q22=""),"",SUM($Y22,$AA22,$AC22))) | AF22: =IF(OR($A22="",$V22="",$AD22=""),"",IFERROR($V22-$AD22,"")) | AG22: =IF(OR($A22="",$W22="",$AE22=""),"",IFERROR($W22-$AE22,"")) | AH22: =IF(OR($A22="",$W22="",$AG22=""),"",IFERROR($AG22/$W22,"")) | AI22: =IF(OR($A22="",$AD22="",$AE22=""),"",IFERROR($AE22-$AD22,"")) | AJ22: =IF($A22="","",IF($I22="","Review: missing status",IF(OR($G22="",$K22="",$O22="",$P22="",$Q22="",NOT(ISNUMBER(Assumptions!$L$6)),NOT(ISNUMBER(Assumptions!$L$7))),"Review: check assumptions",IF($I22="Completed",IF(OR($S22="",$N22="",$U22="",$W22="",$AE22=""),"Review: missing actuals",IF($AI22>Assumptions!$L$6,"Review: cost over estimate",IF($AH22<Assumptions!$L$7,"Review: low margin","Complete"))),IF($I22="Cancelled","No costing review","Pending completion")))))
L23: =IF(OR($A23="",$K23=""),"",IFERROR(VLOOKUP($K23,Assumptions!$C$5:$E$104,2,FALSE),"")) | O23: =IF(OR($A23="",$G23=""),"",IFERROR(VLOOKUP($G23,Assumptions!$A$5:$B$104,2,FALSE),"")) | P23: =IF(OR($A23="",$K23=""),"",IFERROR(VLOOKUP($K23,Assumptions!$C$5:$E$104,3,FALSE),"")) | Q23: =IF($A23="","",IFERROR(Assumptions!$L$5,"")) | X23: =IF(OR($A23="",$R23="",$O23=""),"",IFERROR($R23*$O23,"")) | Y23: =IF(OR($A23="",$S23="",$O23=""),"",IFERROR($S23*$O23,"")) | Z23: =IF(OR($A23="",$M23="",$P23=""),"",IFERROR($M23*$P23,"")) | AA23: =IF(OR($A23="",$N23="",$P23=""),"",IFERROR($N23*$P23,"")) | AB23: =IF(OR($A23="",$T23="",$Q23=""),"",IFERROR($T23*$Q23,"")) | AC23: =IF(OR($A23="",$U23="",$Q23=""),"",IFERROR($U23*$Q23,"")) | AD23: =IF($A23="","",IF(OR($R23="",$M23="",$T23="",$O23="",$P23="",$Q23=""),"",SUM($X23,$Z23,$AB23))) | AE23: =IF($A23="","",IF(OR($S23="",$N23="",$U23="",$O23="",$P23="",$Q23=""),"",SUM($Y23,$AA23,$AC23))) | AF23: =IF(OR($A23="",$V23="",$AD23=""),"",IFERROR($V23-$AD23,"")) | AG23: =IF(OR($A23="",$W23="",$AE23=""),"",IFERROR($W23-$AE23,"")) | AH23: =IF(OR($A23="",$W23="",$AG23=""),"",IFERROR($AG23/$W23,"")) | AI23: =IF(OR($A23="",$AD23="",$AE23=""),"",IFERROR($AE23-$AD23,"")) | AJ23: =IF($A23="","",IF($I23="","Review: missing status",IF(OR($G23="",$K23="",$O23="",$P23="",$Q23="",NOT(ISNUMBER(Assumptions!$L$6)),NOT(ISNUMBER(Assumptions!$L$7))),"Review: check assumptions",IF($I23="Completed",IF(OR($S23="",$N23="",$U23="",$W23="",$AE23=""),"Review: missing actuals",IF($AI23>Assumptions!$L$6,"Review: cost over estimate",IF($AH23<Assumptions!$L$7,"Review: low margin","Complete"))),IF($I23="Cancelled","No costing review","Pending completion")))))
L24: =IF(OR($A24="",$K24=""),"",IFERROR(VLOOKUP($K24,Assumptions!$C$5:$E$104,2,FALSE),"")) | O24: =IF(OR($A24="",$G24=""),"",IFERROR(VLOOKUP($G24,Assumptions!$A$5:$B$104,2,FALSE),"")) | P24: =IF(OR($A24="",$K24=""),"",IFERROR(VLOOKUP($K24,Assumptions!$C$5:$E$104,3,FALSE),"")) | Q24: =IF($A24="","",IFERROR(Assumptions!$L$5,"")) | X24: =IF(OR($A24="",$R24="",$O24=""),"",IFERROR($R24*$O24,"")) | Y24: =IF(OR($A24="",$S24="",$O24=""),"",IFERROR($S24*$O24,"")) | Z24: =IF(OR($A24="",$M24="",$P24=""),"",IFERROR($M24*$P24,"")) | AA24: =IF(OR($A24="",$N24="",$P24=""),"",IFERROR($N24*$P24,"")) | AB24: =IF(OR($A24="",$T24="",$Q24=""),"",IFERROR($T24*$Q24,"")) | AC24: =IF(OR($A24="",$U24="",$Q24=""),"",IFERROR($U24*$Q24,"")) | AD24: =IF($A24="","",IF(OR($R24="",$M24="",$T24="",$O24="",$P24="",$Q24=""),"",SUM($X24,$Z24,$AB24))) | AE24: =IF($A24="","",IF(OR($S24="",$N24="",$U24="",$O24="",$P24="",$Q24=""),"",SUM($Y24,$AA24,$AC24))) | AF24: =IF(OR($A24="",$V24="",$AD24=""),"",IFERROR($V24-$AD24,"")) | AG24: =IF(OR($A24="",$W24="",$AE24=""),"",IFERROR($W24-$AE24,"")) | AH24: =IF(OR($A24="",$W24="",$AG24=""),"",IFERROR($AG24/$W24,"")) | AI24: =IF(OR($A24="",$AD24="",$AE24=""),"",IFERROR($AE24-$AD24,"")) | AJ24: =IF($A24="","",IF($I24="","Review: missing status",IF(OR($G24="",$K24="",$O24="",$P24="",$Q24="",NOT(ISNUMBER(Assumptions!$L$6)),NOT(ISNUMBER(Assumptions!$L$7))),"Review: check assumptions",IF($I24="Completed",IF(OR($S24="",$N24="",$U24="",$W24="",$AE24=""),"Review: missing actuals",IF($AI24>Assumptions!$L$6,"Review: cost over estimate",IF($AH24<Assumptions!$L$7,"Review: low margin","Complete"))),IF($I24="Cancelled","No costing review","Pending completion")))))
L25: =IF(OR($A25="",$K25=""),"",IFERROR(VLOOKUP($K25,Assumptions!$C$5:$E$104,2,FALSE),"")) | O25: =IF(OR($A25="",$G25=""),"",IFERROR(VLOOKUP($G25,Assumptions!$A$5:$B$104,2,FALSE),"")) | P25: =IF(OR($A25="",$K25=""),"",IFERROR(VLOOKUP($K25,Assumptions!$C$5:$E$104,3,FALSE),"")) | Q25: =IF($A25="","",IFERROR(Assumptions!$L$5,"")) | X25: =IF(OR($A25="",$R25="",$O25=""),"",IFERROR($R25*$O25,"")) | Y25: =IF(OR($A25="",$S25="",$O25=""),"",IFERROR($S25*$O25,"")) | Z25: =IF(OR($A25="",$M25="",$P25=""),"",IFERROR($M25*$P25,"")) | AA25: =IF(OR($A25="",$N25="",$P25=""),"",IFERROR($N25*$P25,"")) | AB25: =IF(OR($A25="",$T25="",$Q25=""),"",IFERROR($T25*$Q25,"")) | AC25: =IF(OR($A25="",$U25="",$Q25=""),"",IFERROR($U25*$Q25,"")) | AD25: =IF($A25="","",IF(OR($R25="",$M25="",$T25="",$O25="",$P25="",$Q25=""),"",SUM($X25,$Z25,$AB25))) | AE25: =IF($A25="","",IF(OR($S25="",$N25="",$U25="",$O25="",$P25="",$Q25=""),"",SUM($Y25,$AA25,$AC25))) | AF25: =IF(OR($A25="",$V25="",$AD25=""),"",IFERROR($V25-$AD25,"")) | AG25: =IF(OR($A25="",$W25="",$AE25=""),"",IFERROR($W25-$AE25,"")) | AH25: =IF(OR($A25="",$W25="",$AG25=""),"",IFERROR($AG25/$W25,"")) | AI25: =IF(OR($A25="",$AD25="",$AE25=""),"",IFERROR($AE25-$AD25,"")) | AJ25: =IF($A25="","",IF($I25="","Review: missing status",IF(OR($G25="",$K25="",$O25="",$P25="",$Q25="",NOT(ISNUMBER(Assumptions!$L$6)),NOT(ISNUMBER(Assumptions!$L$7))),"Review: check assumptions",IF($I25="Completed",IF(OR($S25="",$N25="",$U25="",$W25="",$AE25=""),"Review: missing actuals",IF($AI25>Assumptions!$L$6,"Review: cost over estimate",IF($AH25<Assumptions!$L$7,"Review: low margin","Complete"))),IF($I25="Cancelled","No costing review","Pending completion")))))
L26: =IF(OR($A26="",$K26=""),"",IFERROR(VLOOKUP($K26,Assumptions!$C$5:$E$104,2,FALSE),"")) | O26: =IF(OR($A26="",$G26=""),"",IFERROR(VLOOKUP($G26,Assumptions!$A$5:$B$104,2,FALSE),"")) | P26: =IF(OR($A26="",$K26=""),"",IFERROR(VLOOKUP($K26,Assumptions!$C$5:$E$104,3,FALSE),"")) | Q26: =IF($A26="","",IFERROR(Assumptions!$L$5,"")) | X26: =IF(OR($A26="",$R26="",$O26=""),"",IFERROR($R26*$O26,"")) | Y26: =IF(OR($A26="",$S26="",$O26=""),"",IFERROR($S26*$O26,"")) | Z26: =IF(OR($A26="",$M26="",$P26=""),"",IFERROR($M26*$P26,"")) | AA26: =IF(OR($A26="",$N26="",$P26=""),"",IFERROR($N26*$P26,"")) | AB26: =IF(OR($A26="",$T26="",$Q26=""),"",IFERROR($T26*$Q26,"")) | AC26: =IF(OR($A26="",$U26="",$Q26=""),"",IFERROR($U26*$Q26,"")) | AD26: =IF($A26="","",IF(OR($R26="",$M26="",$T26="",$O26="",$P26="",$Q26=""),"",SUM($X26,$Z26,$AB26))) | AE26: =IF($A26="","",IF(OR($S26="",$N26="",$U26="",$O26="",$P26="",$Q26=""),"",SUM($Y26,$AA26,$AC26))) | AF26: =IF(OR($A26="",$V26="",$AD26=""),"",IFERROR($V26-$AD26,"")) | AG26: =IF(OR($A26="",$W26="",$AE26=""),"",IFERROR($W26-$AE26,"")) | AH26: =IF(OR($A26="",$W26="",$AG26=""),"",IFERROR($AG26/$W26,"")) | AI26: =IF(OR($A26="",$AD26="",$AE26=""),"",IFERROR($AE26-$AD26,"")) | AJ26: =IF($A26="","",IF($I26="","Review: missing status",IF(OR($G26="",$K26="",$O26="",$P26="",$Q26="",NOT(ISNUMBER(Assumptions!$L$6)),NOT(ISNUMBER(Assumptions!$L$7))),"Review: check assumptions",IF($I26="Completed",IF(OR($S26="",$N26="",$U26="",$W26="",$AE26=""),"Review: missing actuals",IF($AI26>Assumptions!$L$6,"Review: cost over estimate",IF($AH26<Assumptions!$L$7,"Review: low margin","Complete"))),IF($I26="Cancelled","No costing review","Pending completion")))))
... L104: =IF(OR($A104="",$K104=""),"",IFERROR(VLOOKUP($K104,Assumptions!$C$5:$E$104,2,FALSE),"")) | O104: =IF(OR($A104="",$G104=""),"",IFERROR(VLOOKUP($G104,Assumptions!$A$5:$B$104,2,FALSE),"")) | P104: =IF(OR($A104="",$K104=""),"",IFERROR(VLOOKUP($K104,Assumptions!$C$5:$E$104,3,FALSE),"")) | Q104: =IF($A104="","",IFERROR(Assumptions!$L$5,"")) | X104: =IF(OR($A104="",$R104="",$O104=""),"",IFERROR($R104*$O104,"")) | Y104: =IF(OR($A104="",$S104="",$O104=""),"",IFERROR($S104*$O104,"")) | Z104: =IF(OR($A104="",$M104="",$P104=""),"",IFERROR($M104*$P104,"")) | AA104: =IF(OR($A104="",$N104="",$P104=""),"",IFERROR($N104*$P104,"")) | AB104: =IF(OR($A104="",$T104="",$Q104=""),"",IFERROR($T104*$Q104,"")) | AC104: =IF(OR($A104="",$U104="",$Q104=""),"",IFERROR($U104*$Q104,"")) | AD104: =IF($A104="","",IF(OR($R104="",$M104="",$T104="",$O104="",$P104="",$Q104=""),"",SUM($X104,$Z104,$AB104))) | AE104: =IF($A104="","",IF(OR($S104="",$N104="",$U104="",$O104="",$P104="",$Q104=""),"",SUM($Y104,$AA104,$AC104))) | AF104: =IF(OR($A104="",$V104="",$AD104=""),"",IFERROR($V104-$AD104,"")) | AG104: =IF(OR($A104="",$W104="",$AE104=""),"",IFERROR($W104-$AE104,"")) | AH104: =IF(OR($A104="",$W104="",$AG104=""),"",IFERROR($AG104/$W104,"")) | AI104: =IF(OR($A104="",$AD104="",$AE104=""),"",IFERROR($AE104-$AD104,"")) | AJ104: =IF($A104="","",IF($I104="","Review: missing status",IF(OR($G104="",$K104="",$O104="",$P104="",$Q104="",NOT(ISNUMBER(Assumptions!$L$6)),NOT(ISNUMBER(Assumptions!$L$7))),"Review: check assumptions",IF($I104="Completed",IF(OR($S104="",$N104="",$U104="",$W104="",$AE104=""),"Review: missing actuals",IF($AI104>Assumptions!$L$6,"Review: cost over estimate",IF($AH104<Assumptions!$L$7,"Review: low margin","Complete"))),IF($I104="Cancelled","No costing review","Pending completion")))))

Sheet Assumptions
A1: Job Costing Assumptions
A2: Edit yellow lists, rates, limits, and dates to match internal costing policy. Alerts are prompts for human review.
A3: Technician Rates | C3: Product Costs | F3: Services | G3: Pest Concerns | H3: Routes | I3: Statuses | J3: Review Responsibility | K3: General Assumptions
A4: Technician | B4: Labor Cost / Hr | C4: Product | D4: Unit | E4: Product Cost / Unit | F4: Service | G4: Pest Concern | H4: Route | I4: Status | J4: Review Responsibility | K4: Assumption | L4: Value | M4: Unit / Note
A5: Fictional Tech Avery | B5: 32 | C5: Fictional Product Amber | D5: ounces | E5: 1.25 | F5: Inspection | G5: Ant activity | H5: Fictional Route Amber | I5: Planned | J5: Owner Review | K5: Mileage Cost Rate | L5: 0.7 | M5: US dollars per mile
A6: Fictional Tech Blair | B6: 34.5 | C6: Fictional Product Blue | D6: gallons | E6: 46 | F6: Perimeter Service | G6: Cockroach activity | H6: Fictional Route Blue | I6: In Progress | J6: Operations Manager Review | K6: Cost Variance Alert | L6: 75 | M6: US dollars over estimate
A7: Fictional Tech Casey | B7: 36 | C7: Fictional Product Cedar | D7: pounds | E7: 18.5 | F7: Monitoring Visit | G7: Rodent signs | H7: Fictional Route Cedar | I7: Completed | J7: Service Manager Review | K7: Margin Percentage Alert | L7: 0.25 | M7: Review threshold
A8: Fictional Tech Devon | B8: 33.25 | C8: Fictional Product Delta | D8: ounces | E8: 2.4 | F8: Exclusion Follow-Up | G8: Stored-product insect concern | H8: Fictional Route Delta | I8: On Hold | J8: Sales Review | K8: Earliest Job Date | L8: 45910 | M8: MM/DD/YYYY
F9: Spot Service | G9: Wasp activity | I9: Cancelled | K9: Latest Job Date | L9: 46640 | M9: MM/DD/YYYY
